 Seeded DCSS version 0.30-a0-918-g0ff054e9dc (webtiles) character file.

Game seed: 3125986916090331667 (custom seed)

86524 bmack86 the Severer (level 15, 0/136 HPs)
             Began as a Minotaur Fighter on Mar 20, 2023.
             Was the Champion of Okawaru.
             Slain by an orc warlord
             ... wielding a +4 bardiche of venom
              (36 damage)
             ... on level 1 of the Orcish Mines.
             The game lasted 00:57:27 (19977 turns).

bmack86 the Severer (Minotaur Fighter)             Turns: 19977, Time: 00:57:28

Health: 0/136      AC: 27    Str: 34    XL:     15   Next: 41%
Magic:  22/22      EV:  8    Int: 10    God:    Okawaru [******]
Gold:   2063       SH: 19    Dex: 15    Spells: 14/14 levels left

rFire   . . .      SeeInvis +    s - +11 broad axe "Jiam Ore" {holy, Str+6 Dex+2}
rCold   x . .      Faith    .    O - +1 kite shield
rNeg    . . .      Spirit   .    e - +1 chain mail of Supple Strength {Harm Str+3}
rPois   .          Reflect  +    T - +2 hat
rElec   +          Rampage  .    y - +2 cloak
rCorr   .          Harm     + .  b - +0 pair of gloves of the Arcane {rC- Dex+5 SInv}
Will    ++...                    n - +1 pair of boots "Meufoz" {Will+ Int+3}
Stlth   x                          - amulet of reflection
HPRegen 0.42/turn                X - ring "Sarchixu" {rElec AC+4 Dex-3 Stlth+}
MPRegen 0.18/turn                N - ring of flight

@: lethally poisoned (0 -> -23), flying
A: horns 2, retaliatory headbutt
a: Renounce Religion, Heroism, Finesse, Duel


You were on level 1 of the Orcish Mines.
You worshipped Okawaru.
Okawaru was exalted by your worship.
You visited 4 branches of the dungeon, and saw 22 of its levels.
You also visited: Ice Cave.

You collected 2648 gold pieces.
You spent 585 gold pieces at shops.

Inventory:

Hand Weapons
 s - the +11 broad axe "Jiam Ore" (weapon) {holy, Str+6 Dex+2}
   (You acquired it on level 3 of the Dungeon)

   Str:       It affects your strength (+6).
   Dex:       It affects your dexterity (+2).
 w - a +8 broad axe of flaming
Missiles
 v - 24 poisoned darts (quivered)
 I - a throwing net
 M - 10 curare-tipped darts
 Q - 9 boomerangs
 U - a javelin
 V - 2 silver javelins
Armour
 b - the +0 pair of gloves of the Arcane (worn) {rC- Dex+5 SInv}
   (Okawaru gifted it to you on level 2 of the Lair of Beasts)

   Dex:       It affects your dexterity (+5).
   rC:        It makes you vulnerable to cold.
   SInv:      It lets you see invisible.
 e - the +1 chain mail of Supple Strength (worn) {Harm Str+3}
   (You found it on level 3 of the Dungeon)

   Str:       It affects your strength (+3).
   Harm:      It increases damage dealt and taken.
 n - the +1 pair of boots "Meufoz" (worn) {Will+ Int+3}
   (You acquired it on level 4 of the Dungeon)

   Int:       It affects your intelligence (+3).
   Will:      It increases your willpower.
 t - the +1 pair of boots of Sunlight {Contam +Inv rPois Stlth+}
   (Okawaru gifted it to you on level 5 of the Lair of Beasts)

   rPois:     It protects you from poison.
   +Inv:      It lets you turn invisible.
   Contam:    It causes magical contamination when unequipped.
   Stlth:     It makes you more stealthy.
 y - a +2 cloak (worn)
 O - a +1 kite shield (worn)
 T - a +2 hat (worn)
Jewellery
 g - a +6 ring of strength
 x - an amulet of reflection (around neck)
 E - a +6 ring of intelligence
 L - a +6 ring of strength
 N - a ring of flight (right hand)
 P - a +6 ring of dexterity
 X - the ring "Sarchixu" (left hand) {rElec AC+4 Dex-3 Stlth+}
   (You acquired it on level 15 of the Dungeon)

   [ring of protection]

   AC:        It affects your AC (+4).
   Dex:       It affects your dexterity (-3).
   rElec:     It insulates you from electricity.
   Stlth:     It makes you more stealthy.
 Y - a ring of protection from cold
Wands
 c - a wand of polymorph (2)
 j - a wand of flame (28)
 m - a wand of roots (17)
 q - a wand of mindburst (6)
 G - a wand of acid (6)
 R - a wand of digging (5)
Scrolls
 f - 3 scrolls of magic mapping
 i - 10 scrolls of teleportation
 p - 6 scrolls of identify
 z - 4 scrolls of fog
 B - 3 scrolls of fear
 H - 3 scrolls of blinking
Potions
 d - 5 potions of might
 h - 3 potions of heal wounds
 k - 3 potions of resistance
 u - 2 potions of brilliance
 A - 2 potions of flight
 C - 3 potions of cancellation
 D - 6 potions of curing
 F - 3 potions of ambrosia
 K - 6 potions of haste


   Skills:
 + Level 13.4 Fighting
 - Level 18.0 Axes
 - Level 10.0 Throwing
 + Level 13.4 Armour
 + Level 13.6 Shields
 + Level 10.8 Invocations


You had 14 spell levels left.
You didn't know any spells.
Your spell library contained the following spells:

 Spells                   Type           Power      Damage    Failure   Level
 Apportation              Tloc           0%         N/A       91%         1
 Magic Dart               Conj           0%         1d3       91%         1
 Necrotise                Necr           0%         1d4       91%         1
 Sandblast                Erth           0%         2d4       91%         1
 Blink                    Tloc           0%         N/A       97%         2
 Ensorcelled Hibernation  Hex/Ice        0%         N/A       97%         2
 Lesser Beckoning         Tloc           0%         N/A       97%         2
 Momentum Strike          Conj/Tloc      0%         3d8       97%         2
 Passwall                 Tmut/Erth      0%         N/A       97%         2
 Sublimation of Blood     Necr           0%         N/A       97%         2
 Inner Flame              Hex/Fire       0%         N/A       100%        3
 Mephitic Cloud           Conj/Pois/Air  0%         N/A       100%        3
 Portal Projectile        Hex/Tloc       0%         N/A       100%        3
 Spider Form              Tmut/Pois      0%         N/A       100%        3
 Stone Arrow              Conj/Erth      0%         3d7       100%        3
 Swiftness                Air            0%         N/A       100%        3
 Airstrike                Air            0%         2d(0-16)  100%        4
 Anguish                  Hex/Necr       0%         N/A       100%        4
 Cause Fear               Hex            0%         N/A       100%        4
 Flame Wave               Conj/Fire      0%         2d4       100%        4
 Leda's Liquefaction      Hex/Erth       0%         N/A       100%        4
 Petrify                  Tmut/Erth      0%         N/A       100%        4
 Sticky Flame             Conj/Fire      0%         2d3       100%        4
 Irradiate                Conj/Tmut      0%         3d11      100%        5
 Plasma Beam              Fire/Air       0%         2x1d11    100%        5
 Yara's Violent Unravell  Hex/Tmut       0%         3d3       100%        5
 Conjure Ball Lightning   Conj/Air       0%         3x3d6     100%        6
 Statue Form              Tmut/Erth      0%         N/A       100%        6
 Enfeeble                 Hex            0%         N/A       100%        7
 Borgnjor's Revivificati  Necr           0%         N/A       100%        8
 Discord                  Hex            0%         N/A       100%        8
 Disjunction              Tloc           0%         N/A       100%        8
 Lehudib's Crystal Spear  Conj/Erth      0%         10d2      100%        8
 Necromutation            Tmut/Necr      0%         N/A       100%        8
 Death's Door             Necr           0%         N/A       100%        9
 Summon Small Mammal      Summ           Unusable   N/A       N/A         1
 Call Imp                 Summ           Unusable   N/A       N/A         2
 Call Canine Familiar     Summ           Unusable   N/A       N/A         3
 Summon Lightning Spire   Summ/Air       Unusable   N/A       N/A         4

Dungeon Overview and Level Annotations

Branches:
Dungeon (15/15)            Temple (1/1) D:5            Lair (5/5) D:10
 Shoals (0/4) Lair:2        Snake (0/4) Lair:3        Slime (0/5) Lair:4
    Orc (1/2) D:9          Vaults (0/5) D:13         Depths (0/4) D:15
  IceCv (visited)

Altars:
Ashenzari
Cheibriados
Dithmenos
Elyvilon
Fedhas
Gozag
Hepliaklqana
Kikubaaqudgha
Makhleb
Nemelex Xobeh
Okawaru
Qazlal
Ru
Sif Muna
Trog
Uskayaw
Vehumet
Wu Jian
Xom
Yredelemnul
Zin
The Shining One
Jiyva

Shops:
D:3 :   D:5 (**   D:7 :   D:11 :   Orc:1 :

Portals:
Trove: D:11 (give +2 storm dragon scales)

Annotations:
Lair:4 1 runed translucent door


Innate Abilities, Weirdness & Mutations

You have a pair of horns on your head.
You reflexively headbutt those who attack you in melee.


Message History

You feel sick.
The orc warlord hits you with a +4 bardiche of venom!
You are more poisoned.
You slash the orc warlord!
The orc warlord is severely wounded.
You slice the chaos spawn!!
The chaos spawn convulses!!
You kill the chaos spawn!
The chaos spawn degenerates into a cloud of primal chaos!
You slash the orc high priest!
You feel very sick.
You hit the orc warlord but do no damage.
The orc warlord is severely wounded.
You barely miss the orc high priest.
You feel very sick.
The orc warlord hits you with a +4 bardiche of venom.
You are more poisoned.
You block the orc high priest's attack.
You hit the orc high priest but do no damage.
The orc high priest is moderately wounded.
You hit the orc warlord.
You feel very sick.
The orc warlord hits you with a +4 bardiche of venom.
You are more poisoned.
The orc high priest barely misses you. You furiously retaliate!
You headbutt the orc high priest!
Unknown command.
You slice the orc high priest!!
You kill the orc high priest!
Okawaru accepts your kill.
You hit the orc warlord.
You feel very sick.
The orc warlord hits you but does no damage.
You are more poisoned.
You feel extremely sick.
The orc warlord hits you with a +4 bardiche of venom.
You are more poisoned.
Items here: $ )) [[.
You feel extremely sick.
The orc warlord hits you with a +4 bardiche of venom!!
You die...

.......###..#.....#
........#...))...^#
#............)....# ## #
..........$.)....###)## ..
...###.......))).# ...#.#.
..............)..# 8.#....
.#............)).##.......
.........†......o....[....
..........).....@)........
#...........).....#..[....
.................##....... .
#................######.## #....
..................### ##### .#..
.#.#.......)........# #...####...
..##................####.....#...
.####.#..............##.#.....#.#
## #...#..)......#...#.......#..#


You could see an orc warlord.

Vanquished Creatures
  Jorgrun (Orc:1)
  2 orc warlords (Orc:1)
  The ghost of Bukydon the Severer, a journeyman MiFi of Gozag (D:14)
  A reaper (IceCv)
  The ghost of Newt the Markskobold, a journeyman KoHu of Hepliaklqana (D:10)
  A hydra (Lair:5)
  4 vault guards (D:13)
  2 ogre magi
  7 centaur warriors
  8 two-headed ogres
  2 boulder beetles
  A death yak (Lair:5)
  Sonja (Lair:3)
  An orc high priest (Orc:1)
  Amaemon (Lair:2)
  2 spriggans (D:14)
  3 skysharks (Lair:5)
  2 skeletal warriors (D:15)
  A flayed ghost (D:15)
  A goliath frog (Lair:5)
  2 deep elf archers
  A wizard (D:13)
  6 deep elf pyromancers
  2 deep elf zephyrmancers (Orc:1)
  An orc knight (D:13)
  An ugly thing (D:12)
  7 cyclopes
  A fire giant zombie (D:15)
  A necromancer (D:15)
  A frost giant zombie (D:15)
  2 orc sorcerers (Orc:1)
  5 manticores
  An ice statue (IceCv)
  A black mamba (shapeshifter) (D:12)
  3 elephants (Lair:1)
  A fire giant skeleton (D:15)
  3 black mambas
  Maggie (Lair:2)
  An orange demon (Lair:2)
  3 unseen horrors
  A torpor snail (Lair:5)
  3 gargoyles
  15 cane toads
  5 yaktaurs (D:15)
  2 freezing wraiths
  2 rime drakes (Lair:4)
  An ice devil (IceCv)
  An anaconda simulacrum (IceCv)
  7 komodo dragons
  A troll (shapeshifter) (D:15)
  A tengu conjurer (D:15)
  A polar bear (Lair:3)
  9 trolls
  A tarantella (shapeshifter) (D:14)
  2 tyrant leeches (Lair:5)
  4 hornets
  24 blink frogs
  9 dream sheep
  10 slime creatures
  A vampire (D:11)
  A shadow (D:10)
  5 wraiths
  44 yaks
  An ettin skeleton (D:15)
  4 basilisks
  5 wyverns
  A death yak simulacrum (IceCv)
  2 steam dragons (D:7)
  9 vampire mosquitoes
  A neqoxec (D:10)
  A warg (Orc:1)
  4 acid dragons
  2 nagas (Lair:3)
  3 hydra simulacra (IceCv)
  12 water moccasins
  14 orc warriors
  2 ice beasts
  4 ogres
  A sky beast (D:6)
  4 black bears
  A boggart (D:14)
  22 wolves
  11 centaurs
  3 kobold brigands
  18 bullfrogs
  2 gnoll sergeants (D:9)
  4 two-headed ogre simulacra (IceCv)
  A cane toad simulacrum (IceCv)
  5 scorpions
  5 wights (D:8)
  8 killer bees
  An elephant simulacrum (IceCv)
  A howler monkey (D:9)
  A hound (D:6)
  3 quasits (D:10)
  5 jellies
  2 gnoll boudas
  6 orc priests
  Crazy Yiuf (D:7)
  4 iguanas
  A sleepcap (D:4)
  Jessica (D:14)
  Natasha (thrice) (D:2)
  18 orc wizards
  2 polar bear simulacra (IceCv)
  4 troll simulacra (IceCv)
  3 wolf simulacra (IceCv)
  10 spriggan simulacra (IceCv)
  17 gnolls
  7 adders
  6 naga simulacra (IceCv)
  9 white imps
  5 ufetubi (IceCv)
  A worm (D:2)
  2 dart slugs
  47 orcs
  7 endoplasms
  2 giant cockroaches
  5 hobgoblins
  4 jackals (D:4)
  18 kobolds
  4 quokkas
  9 ball pythons
  4 bats
  2 frilled lizards
  9 goblins
  4 rats
  A bush (Lair:5)
616 creatures vanquished.

Vanquished Creatures (others)
  An orc (D:7)
  22 fungi
  81 plants
  2 withered plants (D:15)
106 creatures vanquished.

Grand Total: 722 creatures vanquished

Notes
Turn   | Place    | Note
-------+----------+-------------------------------------------
     0 | D:1      | bmack86 the Minotaur Fighter began the quest for the Orb.
     0 | D:1      | Reached XP level 1. HP: 19/19 MP: 0/0
   173 | D:1      | Reached XP level 2. HP: 24/27 MP: 1/1
   373 | D:1      | Reached skill level 3 in Axes
   596 | D:1      | Reached XP level 3. HP: 33/33 MP: 2/2
   970 | D:2      | Noticed Natasha
   978 | D:2      | Killed Natasha
   979 | D:2      | Reached XP level 4. HP: 27/40 MP: 3/3
  1162 | D:2      | Noticed Natasha
  1167 | D:2      | Killed Natasha
  1168 | D:2      | Reached skill level 4 in Axes
  1379 | D:2      | Noticed Natasha
  1381 | D:2      | Killed Natasha
  1382 | D:2      | Reached XP level 5. HP: 47/47 MP: 4/4
  1432 | D:3      | Found an iron altar of Okawaru.
  1498 | D:3      | Became a worshipper of Warmaster Okawaru
  1513 | D:3      | Found Digoh's Book Boutique.
  1574 | D:3      | Identified 2 scrolls of acquirement
  1574 | D:3      | Acquired the +11 broad axe "Jiam Ore" {holy, Str+6 Dex+2}
  1577 | D:3      | Acquired 1056 gold pieces
  1630 | D:3      | Identified the +1 chain mail of Supple Strength {Harm
                  | Str+3}
  2159 | D:4      | Found a hazy altar of Hepliaklqana.
  2161 | D:4      | Noticed a water moccasin
  2166 | D:4      | Killed a water moccasin
  2252 | D:4      | Reached XP level 6. HP: 52/53 MP: 5/5
  2267 | D:4      | Reached skill level 1 in Throwing
  2267 | D:4      | Reached skill level 1 in Invocations
  2342 | D:4      | Reached skill level 5 in Axes
  2351 | D:4      | Acquired the +1 pair of boots "Meufoz" {Will+ Int+3}
  2415 | D:4      | Reached * piety under Okawaru
  2416 | D:4      | Reached skill level 5 in Fighting
  2431 | D:4      | Reached skill level 5 in Shields
  2434 | D:4      | Reached skill level 5 in Armour
  2611 | D:4      | Reached XP level 7. HP: 57/61 MP: 5/7
  2815 | D:5      | Entered Level 5 of the Dungeon
  2825 | D:5      | Reached skill level 6 in Axes
  2855 | D:5      | Found Tuexan's Magic Scroll Boutique.
  2855 | D:5      | Found Keelodoj's General Store.
  2857 | D:5      | Found Istewn's Weapon Boutique.
  2859 | D:5      | Found Kuxiet's Assorted Antiques.
  2868 | D:5      | Reached ** piety under Okawaru
  2906 | D:5      | Bought a scroll labelled NEETEM YBOO for 28 gold pieces
  2906 | D:5      | Bought a bubbling amethyst potion for 25 gold pieces
  2906 | D:5      | Bought a scroll of identify for 56 gold pieces
  2906 | D:5      | Bought a scroll labelled NEETEM YBOO for 28 gold pieces
  2910 | D:5      | Bought a scroll of fear for 48 gold pieces
  2910 | D:5      | Bought a scroll of fog for 48 gold pieces
  2910 | D:5      | Bought a scroll of identify for 24 gold pieces
  2910 | D:5      | Bought a scroll of teleportation for 36 gold pieces
  2910 | D:5      | Bought a scroll of teleportation for 36 gold pieces
  2910 | D:5      | Bought a scroll of identify for 24 gold pieces
  2910 | D:5      | Bought a scroll of enchant armour for 90 gold pieces
  2922 | D:5      | Bought a scroll of enchant armour for 112 gold pieces
  2922 | D:5      | Bought a scroll of identify for 30 gold pieces
  2948 | D:5      | Reached XP level 8. HP: 69/70 MP: 8/8
  3078 | D:5      | Found a staircase to the Ecumenical Temple.
  3101 | D:5      | Reached skill level 7 in Axes
  3110 | Temple   | Entered the Ecumenical Temple
  3349 | D:6      | Reached *** piety under Okawaru
  3526 | D:6      | You fall into a shaft and drop 1 floor!
  3533 | D:7      | Reached skill level 8 in Axes
  3589 | D:6      | Found an ornate altar of the Wu Jian Council.
  3672 | D:6      | Noticed a troll
  3675 | D:6      | Killed a troll
  3675 | D:6      | Reached **** piety under Okawaru
  3676 | D:6      | Reached XP level 9. HP: 57/78 MP: 10/10
  4042 | D:7      | Found a runed translucent door.
  4043 | D:7      | Noticed Crazy Yiuf
  4047 | D:7      | Killed Crazy Yiuf
  4164 | D:7      | Reached skill level 9 in Axes
  4640 | D:7      | Reached ***** piety under Okawaru
  4694 | D:7      | Found Jauttyss's Tremendous Tomes.
  4918 | D:8      | Found a transporter.
  4922 | D:8      | Noticed an ogre mage
  4930 | D:8      | Found a transporter.
  5025 | D:8      | Found a sparkling altar of Nemelex Xobeh.
  5164 | D:8      | Reached skill level 5 in Throwing
  5223 | D:8      | Reached XP level 10. HP: 86/86 MP: 12/12
  5242 | D:8      | Found a large runed translucent door.
  5248 | D:8      | Found a large runed translucent door.
  5261 | D:8      | Received a gift from Okawaru
  5262 | D:8      | Found a shadowy altar of Dithmenos.
  5269 | D:8      | Found a shimmering altar of Xom.
  5555 | D:8      | Found a glowing golden altar of the Shining One.
  5804 | D:9      | Found a staircase to the Orcish Mines.
  5814 | D:9      | Reached skill level 5 in Invocations
  5938 | D:9      | Noticed a two-headed ogre
  5944 | D:9      | Killed a two-headed ogre
  5945 | D:9      | Reached skill level 10 in Axes
  6141 | D:9      | Received a gift from Okawaru
  6410 | D:10     | Entered Level 10 of the Dungeon
  6412 | D:10     | Noticed a two-headed ogre
  6424 | D:10     | Killed a two-headed ogre
  6424 | D:10     | Received a gift from Okawaru
  6438 | D:10     | Noticed a two-headed ogre
  6445 | D:10     | Reached skill level 11 in Axes
  6452 | D:10     | Killed a two-headed ogre
  6453 | D:10     | Reached XP level 11. HP: 55/95 MP: 14/14
  6453 | D:10     | Identified the +5 robe "Muxoarij" {Int+3} (Okawaru gifted
                  | it to you on level 10 of the Dungeon)
  6453 | D:10     | Received a gift from Okawaru
  6464 | D:10     | Found a staircase to the Lair.
  6975 | D:10     | Found a transporter.
  7154 | D:10     | Found a transporter.
  7157 | D:10     | Noticed Newt's ghost (journeyman KoHu)
  7182 | D:10     | Found the +9 staff of Wucad Mu {*channel}
  7477 | D:11     | Found Rois's Book Emporium.
  7498 | D:11     | Found a portal to a secret trove of treasure.
  7501 | D:11     | Identified the +0 war axe of Gozag's Scorn {flame, rCorr
                  | Dex+2 SInv Stlth-}
  7554 | D:11     | Reached skill level 12 in Axes
  8181 | D:11     | Noticed a two-headed ogre
  8187 | D:11     | Killed a two-headed ogre
  8187 | D:11     | Reached ****** piety under Okawaru
  8393 | D:11     | Noticed a two-headed ogre
  8399 | D:11     | Killed a two-headed ogre
  8601 | Lair:1   | Entered Level 1 of the Lair of Beasts
  8960 | Lair:1   | Reached XP level 12. HP: 76/106 MP: 16/16
  9094 | Lair:1   | Received a gift from Okawaru
  9195 | Lair:1   | Reached skill level 13 in Axes
  9236 | Lair:1   | Received a gift from Okawaru
  9237 | Lair:1   | Reached skill level 10 in Shields
  9486 | Lair:1   | Reached skill level 10 in Armour
  9736 | Lair:2   | Noticed Amaemon
  9738 | Lair:2   | Reached skill level 10 in Fighting
  9740 | Lair:2   | Killed Amaemon
  9740 | Lair:2   | Identified the +0 pair of gloves of the Arcane {rC- Dex+5
                  | SInv} (Okawaru gifted it to you on level 2 of the Lair of
                  | Beasts)
  9740 | Lair:2   | Received a gift from Okawaru
  9868 | Lair:2   | Noticed Maggie
  9881 | Lair:2   | Killed Maggie
 10147 | Lair:2   | Found a staircase to the Shoals.
 10922 | Lair:3   | Found a staircase to the Snake Pit.
 10930 | Lair:3   | Reached skill level 14 in Axes
 10999 | Lair:3   | Noticed Sonja
 11013 | Lair:3   | Killed Sonja
 11834 | Lair:4   | Found a frozen archway.
 11880 | IceCv    | Entered an ice cave
 12092 | IceCv    | Reached XP level 13. HP: 107/115 MP: 18/18
 12278 | IceCv    | Identified the +3 leather armour of Xom's Reproof {Fly
                  | Regen+ Str+2 Int-2}
 12299 | IceCv    | Noticed a reaper
 12314 | IceCv    | Killed a reaper
 12578 | Lair:4   | Identified the +7 rapier "Ydugaw" {protect, rElec rN+}
                  | (Okawaru gifted it to you on level 4 of the Lair of Beasts)
 12578 | Lair:4   | Received a gift from Okawaru
 12691 | Lair:4   | Found a runed translucent door.
 12692 | Lair:4   | Found a viscous altar of Jiyva.
 12693 | Lair:4   | Noticed an azure jelly
 12694 | Lair:4   | Found a staircase to the Slime Pits.
 12694 | Lair:4   | Noticed an azure jelly
 12715 | Lair:4   | You fall into a shaft and drop 1 floor!
 12715 | Lair:5   | Entered Level 5 of the Lair of Beasts
 12731 | Lair:5   | Reached skill level 15 in Axes
 12765 | Lair:5   | Received a gift from Okawaru
 13543 | Lair:4   | Noticed an azure jelly
 13789 | Lair:5   | Received a gift from Okawaru
 13955 | Lair:5   | Identified the +1 pair of boots of Sunlight {Contam +Inv
                  | rPois Stlth+} (Okawaru gifted it to you on level 5 of the
                  | Lair of Beasts)
 13955 | Lair:5   | Received a gift from Okawaru
 14104 | Lair:5   | Reached XP level 14. HP: 75/125 MP: 19/19
 14267 | Lair:5   | Found a hide-covered altar of Uskayaw.
 14268 | Lair:5   | Found an ornate altar of the Wu Jian Council.
 14791 | D:12     | Reached skill level 16 in Axes
 15283 | D:12     | Got the Omnibus of Underground Obstruction
 15901 | D:13     | Received a gift from Okawaru
 16060 | D:13     | Received a gift from Okawaru
 16100 | D:13     | Found a gate to the Vaults.
 16386 | D:13     | Reached skill level 10 in Throwing
 16715 | D:14     | Received a gift from Okawaru
 16735 | D:14     | Reached skill level 10 in Invocations
 16907 | D:14     | Identified the +4 long sword "Reuschakk" {venom, rElec}
 16927 | D:14     | Reached skill level 17 in Axes
 16928 | D:14     | Received a gift from Okawaru
 17108 | D:14     | Found a runed translucent door.
 17111 | D:14     | Noticed Bukydon's ghost (journeyman MiFi)
 17113 | D:14     | Identified the +9 trident of Lituorirph {vamp, *Slow Str+2
                  | Int+4}
 17323 | D:14     | Found a sparkling altar of Nemelex Xobeh.
 17323 | D:14     | Noticed Jessica
 17327 | D:14     | Killed Jessica
 17351 | D:14     | Identified the +2 short sword of Wisdom {freeze, Will+}
 17358 | D:14     | Found a blossoming altar of Fedhas.
 17745 | D:14     | Killed Bukydon's ghost
 17866 | D:15     | Entered Level 15 of the Dungeon
 18011 | D:15     | Acquired the ring "Sarchixu" {rElec AC+4 Dex-3 Stlth+}
 18217 | D:15     | Found a staircase to the Depths.
 18227 | D:15     | Reached XP level 15. HP: 82/135 MP: 21/21
 18518 | D:15     | Received a gift from Okawaru
 19197 | D:10     | Killed Newt's ghost
 19322 | Orc:1    | Entered Level 1 of the Orcish Mines
 19388 | Orc:1    | Identified the +0 chain mail of Teic {Rampage rN+ Int-5}
 19420 | Orc:1    | Noticed Jorgrun
 19445 | Orc:1    | Killed Jorgrun
 19805 | Orc:1    | Found Zeerph's Book Shop.
 19857 | Orc:1    | Reached skill level 18 in Axes
 19967 | Orc:1    | Identified the +0 robe "Cejay" {Will++ Str-2} (Okawaru
                  | gifted it to you on level 1 of the Orcish Mines)
 19967 | Orc:1    | Received a gift from Okawaru
 19977 | Orc:1    | Slain by an orc warlord

Illustrated notes

Levels and vault maps discovered:
D:1:      amcnicky_arrival_single_pillar, layout_loops_cross,
          hangedman_glass_garden
D:2:      layout_loops_ring, dk_vineyard_1, uniq_natasha
D:3:      layout_basic, mainiacjoe_overflow_catwalk, serial_forest,
          infiniplex_forest_zigzag_1, infiniplex_forest_split,
          infiniplex_forest_end_double, infiniplex_forest_lined_room_,
          infiniplex_forest_corner_1, infiniplex_forest_lined_room_2,
          serial_shops, nicolae_shop_hallway_stairs
D:4:      layout_basic, old_standard_altar
D:5:      layout_rooms, minmay_temple_entry_drinking_statues,
          minmay_shop_grid_forest
D:6:      layout_rooms, lemuel_tele_altar, minmay_microvault
D:7:      layout_basic, minmay_misc_feat_hallway, nicolae_shop_i_like_big_books,
          chequers_serial_rivers_large_a, uniq_crazy_yiuf_cottage
D:8:      gammafunk_beogh_shrine, layout_basic,
          mainiacjoe_overflow_six_doors_small, jmf_multi_god_temple2,
          kennysheep_little_box, serial_curves, eino_curves_01, eino_curves_02
D:9:      layout_roguey, orc_0_dummy
D:10:     layout_rooms, minmay_lair_entry_grove, gammafunk_ghost_stat_death,
          minmay_orc_keep
D:11:     layout_loops_ring, serial_shops, shop, enter_trove_1, serial_glass,
          glass_columns_b, glass_columns_b
D:12:     nicolae_hexawheel, layout_irregular_city, hangedman_decor_riveting
D:13:     layout_loops_ring, grunt_vaults_entry_fortified
D:14:     layout_long_grid, ebering_ghost_funeral_grove,
          nemelex_lonely_heart_becter, fedhas_ov_isle_minmay
D:15:     gammafunk_depths_entry_grave, layout_cave_pods,
          minmay_misc_feat_pillars
Temple:   hellmonk_temple_of_storms
Lair:1:   layout_regular_city, beast_lair_carwin_9, grunt_megastairs_5
Lair:2:   layout_regular_city, shoals_dummy_entry, uniq_amaemon, uniq_maggie
Lair:3:   beargit_carnivore_pack, layout_cave_pods, guppyfry_snake_entry_island,
          uniq_sonja
Lair:4:   layout_small_grid, slime_entry_2, portal_ice_cave_rime
Lair:5:   minmay_lair_end_frog_pond, layout_loops_ring, st_stairs_7,
          nzn_masters_of_martial_movement
Orc:1:    layout_caves, serial_shops, nicolae_square_shop, lemuel_statue_altar,
          elf_legates, uniq_jorgrun

Skill      XL: |  1  2  3  4  5  6  7  8  9 10 11 12 13 14 15 |
---------------+----------------------------------------------+-----
Axes           | 3 4 5 6 8 9 11 12 14 15 17 18 | 18.0
Fighting       | 4 5 6 7 8 9 10 11 13 | 13.4
Shields        | 4 5 6 7 8 9 11 12 13 | 13.6
Armour         | 4 5 6 7 8 9 10 11 12 13 | 13.4
Throwing       | 1 2 3 5 6 7 8 9 10 | 10.0
Invocations    | 1 2 3 4 6 7 8 9 10 | 10.8

Action                     |  1- 3 |  4- 6 |  7- 9 | 10-12 | 13-15 || total
---------------------------+-------+-------+-------+-------+-------++-------
  Melee: War axe           |    48 |    19 |       |       |     5 ||    72
         Headbutt          |    11 |     2 |    14 |    47 |    89 ||   163
         Broad axe         |       |    43 |   117 |   293 |   453 ||   906
  Throw: Dart              |       |     1 |       |    23 |     5 ||    29
         Boomerang         |       |       |       |       |    78 ||    78
 Invoke: Heroism           |       |       |       |     2 |     4 ||     6
         Finesse           |       |       |       |       |     3 ||     3
  Evoke: Wand              |       |     5 |       |     2 |     9 ||    16
    Use: Scroll            |     2 |     6 |     7 |    18 |    10 ||    43
         Potion            |       |       |       |     3 |       ||     3
 Armour: Scale mail        |    13 |     6 |       |       |       ||    19
         Chain mail        |       |    24 |    53 |   152 |   143 ||   372
         Ice dragon scales |       |       |       |     6 |     6 ||    12
  Dodge: Dodged            |    29 |    43 |    35 |    86 |   108 ||   301
  Block: Buckler           |    13 |    15 |    82 |    31 |       ||   141
         Reflection        |       |       |    10 |    19 |    70 ||    99
         Kite shield       |       |       |       |   304 |   477 ||   781

Table legend: (Time is in decaauts)
 A = Elapsed time spent in this place.
 B = Non-inter-level travel time spent in this place.
 C = Inter-level travel time spent in this place.
 D = Time resting spent in this place.
 E = Time spent auto-exploring this place.
 F = Levels seen in this place.
 G = Mean time per level.
                   A        B        C        D        E       F      G
               +--------+--------+--------+--------+--------+-----+--------+
         Total |  20011 |  19295 |    716 |   1396 |  12867 |  23 |  870.0 |
       Dungeon |  13375 |  12830 |    545 |    508 |   9028 |  15 |  891.7 |
        Temple |     45 |     45 |      0 |      0 |     22 |   1 |   45.0 |
          Lair |   5307 |   5138 |    169 |    662 |   3413 |   5 | 1061.4 |
  Orcish Mines |    605 |    605 |      0 |    226 |    205 |   1 |  605.0 |
      Ice Cave |    677 |    677 |      0 |      0 |    199 |   1 |  677.0 |
               +--------+--------+--------+--------+--------+-----+--------+

Top non-repeatable levels by time:
    D:10: 1291 daAuts
  Lair:3: 1248 daAuts
    D:14: 1220 daAuts
    D:12: 1148 daAuts
    D:11: 1146 daAuts
  Lair:1: 1091 daAuts
    D:15: 1070 daAuts
  Lair:4: 1056 daAuts
  Lair:5: 1010 daAuts
     D:7: 988 daAuts
     D:8: 934 daAuts
    D:13: 913 daAuts
  Lair:2: 900 daAuts
     D:4: 748 daAuts
     D:2: 747 daAuts
